 Dungeon Crawl Stone Soup version 0.24.1-14-gf8d2b509d9 (webtiles) character file.

Game seed: 6897974653962483371, levelgen mode: deterministic

144 Ryanme17 the Covered (level 5, -6/47 HPs)
             Began as a Minotaur Fighter on Feb 23, 2024.
             Was an Initiate of Okawaru.
             Mangled by an orc
             ... wielding a +0 war axe
              (8 damage)
             ... on level 3 of the Dungeon.
             The game lasted 00:03:51 (1577 turns).

Ryanme17 the Covered (Minotaur Fighter)             Turns: 1577, Time: 00:03:53

Health: -6/47      AC:  9    Str: 22    XL:     5   Next: 5%
Magic:  4/4        EV:  8    Int:  7    God:    Okawaru [......]
Gold:   122        SH:  9    Dex:  9    Spells: 4/4 levels left

rFire    . . .     SeeInvis .   a - +0 long sword
rCold    . . .     Gourm    .   c - +0 shield
rNeg     . . .     Faith    .   b - +0 scale mail
rPois    .         Spirit   .   (helmet restricted)
rElec    .         Reflect  .   (no cloak)
rCorr    .         Harm     .   (no gloves)
MR       .....                  j - +0 pair of boots
Stlth    ..........             (no amulet)
HPRegen  0.15/turn              (no ring)
MPRegen  0.09/turn              (no ring)

@: about to teleport
A: retaliatory headbutt, horns 2, rugged brown scales 1, clever 1
a: Renounce Religion


You were on level 3 of the Dungeon.
You worshipped Okawaru.
Okawaru was noncommittal.
You were hungry.

You visited 1 branch of the dungeon, and saw 3 of its levels.

You collected 122 gold pieces.

Inventory:

Hand Weapons
 a - a +0 long sword (weapon)
Armour
 b - a +0 scale mail (worn)
 c - a +0 shield (worn)
 j - a +0 pair of boots (worn)
Jewellery
 p - an uncursed ring of resist corrosion {unknown}
Scrolls
 h - 6 scrolls of teleportation
 m - a scroll of identify {unknown}
 n - 2 scrolls of enchant weapon {unknown}
 o - 2 scrolls of remove curse {unknown}
Potions
 d - a potion of might
 g - a potion of invisibility {unknown}
 i - a potion of berserk rage {unknown}
 k - a potion of degeneration {unknown}
 l - a potion of lignification {unknown}
 q - a potion of mutation
Comestibles
 f - 3 rations


   Skills:
 + Level 4.1 Fighting
 + Level 3.9 Long Blades
 + Level 4.8 Armour
 + Level 1.0 Dodging
 + Level 4.7 Shields


You had 4 spell levels left.
You didn't know any spells.
Your spell library was empty.

Dungeon Overview and Level Annotations

Branches:
Dungeon (3/15)

Altars:
Okawaru


Innate Abilities, Weirdness & Mutations

You reflexively headbutt those who attack you in melee.
You have a pair of horns on your head.
You are partially covered in rugged brown scales. (AC +1, +3% HP)
Your mind is acute. (Int +2)


Message History

You hear some strange, mumbled words.
A magic dart appears from out of thin air!
The magic dart hits you but does no damage.
You hit the orc.
The orc is almost dead.
You feel yourself speed up. You block the orc's attack.
Something hits you but does no damage. The orc hits you with a +0 war axe.
* * * LOW HITPOINT WARNING * * *
You hear some strange, mumbled words.
Something tries to affect you, but you resist.
You block the orc's attack. The orc hits you but does no damage.
You hit the orc but do no damage.
The orc is almost dead.
You hear some strange, mumbled words.
Something tries to affect you, but you resist.
The orc hits you with a +0 flail.
* * * LOW HITPOINT WARNING * * *
The orc hits you with a +0 war axe!
You die...

###......###.#
#.........#.##
####.##...##....##
.....#.....#......
#....._.........
####..#.....#...#.#
#.....##...##...# #
...#.#o##>..†.........o
......o@{o##.....#.#.g..
#..############.##S#....
.....#.... ####.) ... .


You could see an orc wizard and 2 orcs.

Vanquished Creatures
  Terence (D:2)
  A hound skeleton (D:2)
  2 adders (D:2)
  An ooze (D:1)
  A worm (D:2)
  3 dart slugs
  3 leopard geckos
  An orc (D:3)
  2 ball pythons (D:3)
  5 giant cockroaches
  9 goblins
  3 hobgoblins
  4 jackals (D:2)
  9 kobolds
  2 quokkas (D:2)
  12 bats
  8 frilled lizards
  2 rats (D:1)
69 creatures vanquished.

Notes
Turn   | Place    | Note
-------+----------+-------------------------------------------
     0 | D:1      | Ryanme17 the Minotaur Fighter began the quest for the Orb.
     0 | D:1      | Reached XP level 1. HP: 19/19 MP: 0/0
    48 | D:1      | Reached XP level 2. HP: 27/27 MP: 1/1
    71 | D:1      | You fall into a shaft and drop 1 floor!
   150 | D:2      | Reached XP level 3. HP: 33/33 MP: 2/2
   748 | D:2      | Reached XP level 4. HP: 40/40 MP: 3/3
   922 | D:2      | Noticed Terence
   931 | D:2      | Killed Terence
   955 | D:2      | HP: 1/40 [worm (7)]
  1307 | D:2      | Reached skill level 1 in Dodging
  1313 | D:2      | Reached XP level 5. HP: 36/46 MP: 4/4
  1541 | D:3      | Found an iron altar of Okawaru.
  1546 | D:3      | Became a worshipper of Warmaster Okawaru
  1574 | D:3      | Gained mutation: You are partially covered in rugged brown
                  | scales. (AC +1, +3% HP) [potion of mutation]
  1574 | D:3      | Gained mutation: Your mind is acute. (Int +2) [potion of
                  | mutation]
  1577 | D:3      | HP: 2/47 [orc/+0 flail (4)]
  1577 | D:3      | Mangled by an orc

Levels and vault maps discovered:
D:1:      psy_arrival_dodecagon, layout_loops_cross, minmay_crystal_room
D:2:      layout_basic, minmay_strange_pillars, uniq_terence
D:3:      minmay_chambers_of_twos, layout_loops_cross, okawaru_gym_becter,
          first_ration, kennysheep_nondescript, corexii_shack,
          hangedman_decor_riveting, nicolae_qazlal_general_emergency,
          uniq_natasha

Skill      XL: |  1  2  3  4 |
---------------+-------------+-----
Shields        | 4 |  4.7
Armour         | 4 |  4.8
Fighting       | 4 |  4.1
Long Blades    | 3 |  3.9
Dodging        | 1 |  1.0

Action                   |  1- 3 |  4- 6 || total
-------------------------+-------+-------++-------
Melee: Long sword        |    93 |   109 ||   202
       Headbutt          |    16 |    10 ||    26
  Use: Scroll            |       |     3 ||     3
       Potion            |       |     1 ||     1
  Eat: Chunk             |       |     2 ||     2
Armor: Scale mail        |    38 |    74 ||   112
Dodge: Dodged            |    27 |    48 ||    75
Block: Shield            |    58 |    71 ||   129
       Rpst.: Long sword |     5 |    10 ||    15
